AoeStats
← 夏天九号

Hideout

509521281Analyzed
1v1 RM · 5d ago on Sep 27, 2026· 40m 59s· 2 players
Game mode
Random Map
Map size
Tiny (2 player)
Population
200
Speed
Normal
Resources
Standard
Victory
Conquest
Starting age
Dark Age
Ending age
Imperial Age
RankedLock teamsTeams togetherTeam positionsShared explorationLock speedFull tech treeHidden civsTurbo modeCheats
Victory
Defeat
🇻🇪 Chinese · Venezuela
1786
+22
🇨🇳 Khitans · China
1923
-22
夏天九号
8:57 Feudal Age
8:59 Man-at-Arms
9:30 Double-Bit Axe
11:51 Arson
13:03 Domestication
16:20 Gold Mining
19:45 Castle Age
17:31 Loom
19:01 Stone Mining
20:35 Town Watch
24:14 Imperial Age
22:31 Bow Saw
22:13 Fletching
25:29 Wheelbarrow
26:22 Chemistry
27:48 Bodkin Arrow
30:45 Bracer
33:47 Padded Archer Armor
33:45 Elite Skirmisher
34:55 Leather Archer Armor
36:34 Ring Archer Armor
36:44 Scale Mail Armor
37:14 Ballistics
TrustMeBro
0:28 Loom
9:27 Feudal Age
16:13 Castle Age
14:51 Double-Bit Axe
15:41 Stone Mining
20:53 Bow Saw
21:19 Wheelbarrow
22:23 Sanctity
25:51 Fletching
27:48 Bodkin Arrow
27:53 Padded Archer Armor
30:27 Bodkin Arrow
30:20 Crossbowman
31:02 Padded Archer Armor
31:24 Horse Collar
33:01 Scale Barding Armor
33:12 Leather Archer Armor
34:09 Chain Barding Armor
37:19 Imperial Age
34:41 Light Cavalry
35:33 Bloodlines
35:51 Heavy Plow
36:16 Husbandry
36:47 Forging
37:23 Arbalester
38:08 Bracer
39:07 Thumb Ring
41:11 Ballistics
Connection lost

Rejoining the realm…

Still unreachable

The connection could not be restored.

Session expired

The server has moved on; the page needs a fresh start.